AoeStats
← ITA | MarknighT

Four Lakes

507042617Analyzed
1v1 RM · 17d ago on Sep 16, 2026· 50m 20s· 2 players
Game mode
Random Map
Map size
Tiny (2 player)
Population
200
Speed
Normal
Resources
Standard
Victory
Conquest
Starting age
Dark Age
Ending age
Imperial Age
RankedLock teamsTeams togetherTeam positionsShared explorationLock speedFull tech treeHidden civsTurbo modeCheats
Victory
Defeat
🇮🇹 Japanese · Italy
1922
+20
🇷🇺 Malay · Russia
2021
-20
ITA | MarknighT
6:19 Loom
9:46 Feudal Age
10:32 Double-Bit Axe
10:10 Man-at-Arms
14:21 Fletching
15:45 Scale Mail Armor
17:46 Horse Collar
21:59 Castle Age
21:14 Gold Mining
22:04 Crossbowman
22:49 Bodkin Arrow
24:54 Bow Saw
28:30 Medium Warships
29:01 Wheelbarrow
28:12 Town Watch
31:43 Hand Cart
33:03 Chain Mail Armor
32:54 Squires
36:30 Forging
36:25 Arson
46:03 Imperial Age
46:23 Herbal Medicine
47:09 Gold Shaft Mining
46:24 Stone Mining
46:42 Heavy Plow
46:16 Capped Ram
47:31 Plate Mail Armor
47:36 Elite Samurai
49:13 Conscription
51:22 Heavy Warships
shegin
7:27 Loom
9:53 Feudal Age
10:03 Double-Bit Axe
10:45 Town Watch
15:58 Fletching
16:42 Padded Archer Armor
22:55 Wheelbarrow
25:27 Castle Age
25:39 Bodkin Arrow
26:43 Medium Warships
27:17 Scale Barding Armor
27:13 Elite Skirmisher
29:22 Husbandry
29:41 Leather Archer Armor
41:56 Fishing Lines
42:23 Crossbowman
47:40 Imperial Age
48:09 Chemistry
47:29 Thumb Ring
46:48 Arbalester
47:56 Bracer
48:51 Ballistics
Connection lost

Rejoining the realm…

Still unreachable

The connection could not be restored.

Session expired

The server has moved on; the page needs a fresh start.